 Dungeon Crawl Stone Soup version 0.30-b1-2-g02819fbbbe (webtiles) character file.

Game seed: 5529170296535517270

55 sanka the Charlatan (level 3, -1/21 HPs)
             Began as a Deep Elf Artificer on May 11, 2023.
             Succumbed to an adder's poison
             ... on level 2 of the Dungeon.
             The game lasted 00:02:28 (1138 turns).

sanka the Charlatan (Deep Elf Artificer)            Turns: 1138, Time: 00:02:28

Health: -1/21      AC:  3    Str:  9    XL:     3   Next: 67%
Magic:  5/5        EV: 12    Int: 17    God:
Gold:   80         SH:  0    Dex: 15    Spells: 2/2 levels left

rFire   . . .        h - +0 great sword
rCold   . . .        (shield currently unavailable)
rNeg    . . .        b - +0 leather armour
rPois   .            (no helmet)
rElec   .            (no cloak)
rCorr   .            (no gloves)
SInv    .            (no boots)
Will    .....        (no amulet)
Stlth   ++           (no ring)
HPRegen 0.23/turn    (no ring)
MPRegen 0.09/turn

%: no passive effects
@: brilliant, lethally poisoned (-1 -> -13)
A: no striking features
a: no special abilities


You were on level 2 of the Dungeon.
You visited 1 branch of the dungeon, and saw 2 of its levels.

You collected 80 gold pieces.

Inventory:

Hand Weapons
 a - a +0 club
 f - a +0 mace
 h - a +0 great sword (weapon)
Armour
 b - a +0 leather armour (worn)
Wands
 c - a wand of flame (11) (quivered)
 d - a wand of charming (15)
 e - a wand of iceblast (5)
Scrolls
 g - a scroll of identify {unknown}
 j - a scroll of poison {unknown}
 k - a scroll of enchant armour {unknown}


   Skills:
 + Level 1.7 Fighting
 - Level 0.7 Armour
 + Level 3.5 Dodging
 - Level 1.2 Stealth
 - Level 4.0 Evocations


You had 2 spell levels left.
You didn't know any spells.
Your spell library was empty.

Dungeon Overview and Level Annotations

Branches:
Dungeon (2/15)

Altars:


Message History

No target in view!
You see here a bat corpse.
An adder comes into view.
An adder is nearby!
Found a cloak.
The adder hisses angrily.
The adder closely misses you. The adder barely misses you.
You hit the adder.
The adder is heavily wounded.
The adder bites you. The adder barely misses you.
You barely miss the adder.
The adder is heavily wounded.
The adder bites you but does no damage. The adder bites you.
You are poisoned.
The adder poisons you!
Unknown command.
You barely miss the adder.
The adder is heavily wounded.
You feel sick. The adder bites you.
You are more poisoned.
The adder poisons you! The adder bites you but does no damage.
Unknown command.
You hit the adder.
The adder is almost dead.
You feel very sick. The adder closely misses you. The adder bites you.
You are lethally poisoned!
The adder poisons you! The adder closely misses you.
You barely miss the adder.
The adder is almost dead.
* * * LOW HITPOINT WARNING * * *
You feel very sick. The adder misses you. The adder bites you.
* * * LOW HITPOINT WARNING * * *
You are more poisoned.
The adder poisons you!
Unknown command.
It was a potion of brilliance.
You feel clever all of a sudden.
You die...

#. #. #.# #.
#.# ###. #[#
....##########
#.#
..........>..#
#.#
####.#####.#.#
#.# #.# #.#†#
#S# #.# #.#.#
#@# # ##.###
#.#.# #.# #
#....#
#.#.###.###
###...<#
#.#.......#
.......#
#.#.....#.#
......##
#.#...#.#.#
......#
#.....# #
...#.##
#.#.#.# ...#.#
#.#.#.#


You could see an adder.

Vanquished Creatures
  A gnoll (D:1)
  A worm (D:2)
  A dart slug (D:2)
  4 ball pythons
  2 endoplasms
  6 giant cockroaches
  2 goblins
  4 hobgoblins (D:1)
  8 bats
  4 frilled lizards
  2 kobolds (D:1)
  4 rats
39 creatures vanquished.

Notes
Turn   | Place    | Note
-------+----------+-------------------------------------------
     0 | D:1      | sanka the Deep Elf Artificer began the quest for the Orb.
     0 | D:1      | Reached XP level 1. HP: 11/11 MP: 3/3
   239 | D:1      | Reached skill level 4 in Evocations
   239 | D:1      | Reached skill level 1 in Fighting
   239 | D:1      | Reached XP level 2. HP: 16/16 MP: 4/4
   419 | D:1      | Found a faded altar of an unknown god.
   518 | D:1      | Reached XP level 3. HP: 14/20 MP: 5/5
  1138 | D:2      | Succumbed to an adder's poison

Illustrated notes

Levels and vault maps discovered:
D:1:      ncdulo_lavacross, layout_basic, hellmonk_ecumenical_altar_arch_garden
D:2:      layout_basic, supply_closet_lemuel

Skill      XL: |  1  2 |
---------------+-------+-----
Evocations     | 4 |  4.0
Fighting       | 1 |  1.7
Dodging        | 3 |  3.5
Armour         | |  0.7
Stealth        | |  1.2

Action                     || total
---------------------------++-------
  Melee: Club              ||    45
         Mace              ||    10
         Great sword       ||    87
  Evoke: Wand              ||     4
    Use: Potion            ||     1
   Stab: Sleeping          ||     1
 Armour: Leather armour    ||    57
  Dodge: Dodged            ||   126
